Tucson Roadrunners vs Atlantic City Gamblers
Created - Saturday, September 20, 2025 at 10:20
Goals
|
| Tucson Roadrunners |
0 |
2 |
6 |
8 |
| Atlantic City Gamblers |
1 |
1 |
2 |
4 |
|
Shots
|
| Tucson Roadrunners |
8 |
14 |
19 |
41 |
| Atlantic City Gamblers |
15 |
10 |
12 |
37 |
|
1st period
1. Atlantic City Gamblers , Hendrix Lapierre 18 (Shakir Mukhamadullin 10, Yegor Chinakhov 45) at 8:22
Penalties :
Hunter Drew (TRR) for High sticking (Double Minor) at 10:06
2nd period
2. Tucson Roadrunners , Ivan Ivan 38 (Hunter Haight 19, William Carrier 34) at 1:13
3. Atlantic City Gamblers , Yegor Chinakhov 36 (Noah Juulsen 2, Hendrix Lapierre 33) at 13:56 (PP)
4. Tucson Roadrunners , Ivan Ivan 39 (Maxwell Crozier 19, Walker Duehr 27) at 15:25
Penalties :
Hunter Haight (TRR) for High sticking (Double Minor) at 2:15, Noah Warren (ACG) for Fighting (Major) at 12:11, Hunter Drew (TRR) for Fighting (Major) at 12:11, Trevor Kuntar (TRR) for Hooking (Minor) at 13:21, Marek Alscher (ACG) for Cross-checking (Minor) at 15:28, Thomas Bordeleau (ACG) for Interference (Minor) at 19:24
3rd period
5. Tucson Roadrunners , William Carrier 25 (Steven Lorentz 42, Walker Duehr 28) at 0:42 (PP)
6. Atlantic City Gamblers , Yegor Chinakhov 37 (Marek Alscher 4, Thomas Bordeleau 18) at 2:10
7. Atlantic City Gamblers , Ivan Miroshnichenko 22 (Alexander Holtz 10, Caedan Bankier 9) at 5:00
8. Tucson Roadrunners , Walker Duehr 25 (Steven Lorentz 43, Hunter Drew 10) at 7:29
9. Tucson Roadrunners , Ondrej Pavel 12 (Fabian Wagner 6) at 8:31
10. Tucson Roadrunners , Maxwell Crozier 3 (Ivan Ivan 36, Topias Vilen 14) at 14:57 (PP)
11. Tucson Roadrunners , Chase Wheatcroft 16 (Hunter Haight 20, Ivan Ivan 37) at 17:19
12. Tucson Roadrunners , Fabian Wagner 3 (Topias Vilen 15, Maxwell Crozier 20) at 18:57
Penalties :
Tristan Broz (ACG) for Fighting (Major) at 7:41, Trevor Kuntar (TRR) for Fighting (Major) at 7:41, Atley Calvert (TRR) for Hooking (Minor) at 9:03, Boris Katchouk (ACG) for Roughing (Minor) at 14:44, Ronnie Attard (ACG) for Fighting (Major) at 19:48, Hunter Drew (TRR) for Fighting (Major) at 19:48
Goalie Stats
Arturs Silovs (TRR), 33 saves from 37 shots - (0.892), W, 18-6-0, 60:00 minutes
Jan Bednar (ACG), 33 saves from 41 shots - (0.805), L, 5-3-0, 60:00 minutes
Players Stats for Tucson Roadrunners
Player Name G A P +/- PIM S H SB GA TA FO MP PP MP PK MP
------------------------------------------------------------------------------------
0 0 0 0 0 0 0 0 0 0 0/0 0:00 0:00 0:00
Atley Calvert 0 0 0 1 2 1 1 1 1 0 5/7 12:29 0:04 0:00
Chase Wheatcroft 1 0 1 2 0 2 1 0 0 0 0/0 15:54 1:32 0:00
Fabian Wagner 1 1 2 1 0 2 5 0 0 1 1/1 12:08 0:04 0:00
Hunter Drew 0 1 1 0 14 2 2 1 1 0 0/0 11:30 0:00 0:35
Hunter Haight 0 2 2 2 4 5 2 0 0 0 1/2 15:54 1:32 0:00
Ivan Ivan 2 2 4 2 0 4 3 0 1 0 6/22 19:40 1:27 4:06
Maxwell Crozier 1 2 3 3 0 1 3 1 1 3 0/0 21:57 1:44 4:28
Nick Seeler 0 0 0 0 0 0 3 1 1 1 0/0 26:27 1:46 4:53
Ondrej Pavel 1 0 1 1 0 4 0 0 1 0 0/0 13:37 0:00 1:56
Samuel Knazko 0 0 0 1 0 0 0 0 0 1 0/0 12:36 0:00 1:11
Steven Lorentz 0 2 2 0 0 7 3 3 0 1 15/32 24:11 1:54 4:34
Tanner Dickinson 0 0 0 0 0 2 1 0 0 1 4/5 6:41 0:00 1:09
Topias Vilen 0 2 2 2 0 1 2 0 0 1 0/0 20:57 1:44 4:28
Trevor Kuntar 0 0 0 0 7 0 2 0 1 0 0/0 4:49 0:00 0:00
Tyson Barrie 0 0 0 0 0 2 1 1 0 1 0/0 26:27 1:46 4:53
Walker Duehr 1 2 3 0 0 3 0 2 0 1 0/1 19:04 1:54 4:06
William Carrier 1 1 2 0 0 5 1 1 2 0 0/1 20:24 1:54 4:30
Zach Dean 0 0 0 0 0 0 0 0 0 1 1/1 4:36 0:09 1:19
Players Stats for Atlantic City Gamblers
Player Name G A P +/- PIM S H SB GA TA FO MP PP MP PK MP
------------------------------------------------------------------------------------
Alexander Holtz 0 1 1 0 0 1 0 0 1 0 0/0 12:19 0:55 0:00
Ben King 0 0 0 0 0 0 0 0 0 0 0/3 1:27 0:00 1:27
Boris Katchouk 0 0 0 -1 2 6 2 1 1 0 1/1 18:42 4:42 0:00
Caedan Bankier 0 1 1 0 0 0 0 1 0 0 5/9 12:28 1:33 0:00
Filip Roos 0 0 0 -1 0 2 2 2 0 0 0/0 21:31 1:28 2:46
Hendrix Lapierre 1 1 2 -1 0 3 2 0 2 2 1/1 18:20 4:07 0:15
Ivan Miroshnichenko 1 0 1 0 0 2 3 0 3 0 1/1 16:02 4:56 0:00
Jean-Luc Foudy 0 0 0 -1 0 2 0 0 0 0 2/4 8:25 0:03 0:00
Marek Alscher 0 1 1 -2 2 0 0 0 0 1 0/0 13:46 1:24 0:00
Nathan Bastian 0 0 0 -1 0 2 1 0 1 0 0/0 11:02 1:33 2:32
Nils Hoglander 0 0 0 -1 0 2 1 1 1 1 1/1 11:35 4:33 0:03
Noah Juulsen 0 1 1 -1 0 1 2 6 0 1 0/0 25:02 4:55 2:17
Noah Warren 0 0 0 0 5 0 0 3 0 1 0/0 16:43 0:24 0:15
Ronnie Attard 0 0 0 -1 5 0 0 1 0 0 0/0 11:23 0:00 0:38
Shakir Mukhamadullin 0 1 1 -1 0 2 1 0 0 1 0/0 23:06 4:57 1:06
Thomas Bordeleau 0 1 1 -1 2 2 2 2 1 1 13/30 20:19 5:07 1:11
Tristan Broz 0 0 0 -1 5 2 1 1 0 0 14/18 16:44 3:20 0:46
Yegor Chinakhov 2 1 3 -1 0 5 1 3 1 0 0/0 18:03 4:01 0:00
Yegor Sokolov 0 0 0 -1 0 5 1 2 1 1 1/4 19:29 4:42 0:46
3 Stars
1 - Ivan Ivan (TRR)
2 - Maxwell Crozier (TRR)
3 - Fabian Wagner (TRR)
Power Play
Tucson Roadrunners - 2 on 3 Attempt(s) - 66.67%
Atlantic City Gamblers - 1 on 6 Attempt(s) - 16.67%
Penalty Kill
Tucson Roadrunners - 5 on 6 Attempt(s) - 83.33%
- Score 0 goal in Penalty Kill
Atlantic City Gamblers - 1 on 3 Attempt(s) - 33.33%
- Score 0 goal in Penalty Kill
Team Stat
Tucson Roadrunners - Hits : 30 - Faceoff Wins : 33 - Blocked Shots : 11 - Penalty Minutes : 27
Atlantic City Gamblers - Hits : 19 - Faceoff Wins : 39 - Blocked Shots : 23 - Penalty Minutes : 21
Official
Referees : Chris Schlenker and Dan O'Rourke
Linesman : Kilian McNamara and Tyson Baker
Game Notes
Hunter Drew beats up Noah Warren at 12:11 of 2nd period
Tristan Broz beats up Trevor Kuntar at 7:41 of 3rd period
Ronnie Attard beats up Hunter Drew at 19:48 of 3rd period
Tucson Roadrunners
5 vs 5 Forward
Center Left Wing Right Wing Time % Phy DF OF
1 Steven Lorentz William Carrier Walker Duehr 30 1 2 2
2 Ivan Ivan Chase Wheatcroft Hunter Haight 30 1 2 2
3 Atley Calvert Ondrej Pavel Fabian Wagner 25 1 2 2
4 Tanner Dickinson Trevor Kuntar Steven Lorentz 15 1 2 2
5 vs 5 Defense
Defense Defense Time % Phy DF OF
1 Nick Seeler Tyson Barrie 30 1 2 2
2 Maxwell Crozier Topias Vilen 30 1 2 2
3 Samuel Knazko Hunter Drew 25 1 2 2
4 Nick Seeler Tyson Barrie 15 1 2 2
PowerPlay Forward
Center Left Wing Right Wing Time % Phy DF OF
1 Steven Lorentz William Carrier Walker Duehr 50 1 2 2
2 Ivan Ivan Chase Wheatcroft Hunter Haight 50 1 2 2
PowerPlay Defense
Defense Defense Time % Phy DF OF
1 Nick Seeler Tyson Barrie 50 1 2 2
2 Maxwell Crozier Topias Vilen 50 1 2 2
Penalty Kill 4 Players Forward
Center Wing Time % Phy DF OF
1 Steven Lorentz William Carrier 50 1 2 2
2 Ivan Ivan Walker Duehr 50 1 2 2
Penalty Kill 4 Players Defense
Defense Defense Time % Phy DF OF
1 Nick Seeler Tyson Barrie 50 1 2 2
2 Maxwell Crozier Topias Vilen 50 1 2 2
Penalty Kill - 3 Players Forward
Forward Time % Phy DF OF
1 Steven Lorentz 50 1 2 2
2 William Carrier 50 1 2 2
Penalty Kill - 3 Players Defense
Defense Defense Time % Phy DF OF
1 Nick Seeler Tyson Barrie 50 1 2 2
2 Maxwell Crozier Topias Vilen 50 1 2 2
4 vs 4 Forward
Center Wing Time % Phy DF OF
1 Steven Lorentz William Carrier 50 1 2 2
2 Ivan Ivan Walker Duehr 50 1 2 2
4 vs 4 Defense
Defense Defense Time % Phy DF OF
1 Nick Seeler Tyson Barrie 50 1 2 2
2 Maxwell Crozier Topias Vilen 50 1 2 2
Last Minutes Offensive
Center Left Wing Right Wing Defense Defense
Steven Lorentz William Carrier Walker Duehr Nick Seeler Tyson Barrie
Last Minutes Defensive
Center Left Wing Right Wing Defense Defense
Steven Lorentz William Carrier Walker Duehr Nick Seeler Tyson Barrie
Goaltenders
Starting : Arturs Silovs
Backup : Vyacheslav Peksa
Extra Forwards
Normal : Zach Dean, Atley Calvert, Ondrej Pavel - PP : Zach Dean, Atley Calvert - PK : Ondrej Pavel
Extra Defensemen
Normal : Samuel Knazko, Hunter Drew, Maxwell Crozier - PP : Samuel Knazko - PK : Hunter Drew, Maxwell Crozier
Penalty Shots
Steven Lorentz, William Carrier, Ivan Ivan, Walker Duehr, Hunter Haight
Scratches
Mark Jankowski (Suspend), Lleyton Moore (Healthy), Corson Ceulemans (Healthy), Owen Lindmark (Healthy), Ryan Mast (Healthy)
Dyllan Gill (Healthy), Carter Hart (Healthy), Magnus Chrona (Healthy), Georgi Romanov (Healthy), Kevin Mandolese (Healthy)
Hunter Shepard (Healthy), Kaapo Kahkonen (Healthy), Ruslan Khazheyev (Healthy)
Atlantic City Gamblers
5 vs 5 Forward
Center Left Wing Right Wing Time % Phy DF OF
1 Thomas Bordeleau Yegor Chinakhov Hendrix Lapierre 30 1 1 3
2 Tristan Broz Yegor Sokolov Boris Katchouk 30 1 1 3
3 Caedan Bankier Alexander Holtz Ivan Miroshnichenko 25 0 2 3
4 Jean-Luc Foudy Nathan Bastian Nils Hoglander 15 1 2 2
5 vs 5 Defense
Defense Defense Time % Phy DF OF
1 Noah Juulsen Filip Roos 38 1 3 1
2 Shakir Mukhamadullin Noah Warren 37 1 3 1
3 Marek Alscher Ronnie Attard 25 1 3 1
4 Marek Alscher Ronnie Attard 0 1 3 1
PowerPlay Forward
Center Left Wing Right Wing Time % Phy DF OF
1 Thomas Bordeleau Yegor Chinakhov Hendrix Lapierre 50 0 1 4
2 Tristan Broz Yegor Sokolov Boris Katchouk 50 0 1 4
PowerPlay Defense
Defense Defense Time % Phy DF OF
1 Noah Juulsen Nils Hoglander 50 0 2 3
2 Shakir Mukhamadullin Ivan Miroshnichenko 50 0 2 3
Penalty Kill 4 Players Forward
Center Wing Time % Phy DF OF
1 Thomas Bordeleau Nathan Bastian 55 0 4 1
2 Tristan Broz Yegor Sokolov 45 0 4 1
Penalty Kill 4 Players Defense
Defense Defense Time % Phy DF OF
1 Noah Juulsen Filip Roos 55 1 3 1
2 Shakir Mukhamadullin Noah Warren 45 1 3 1
Penalty Kill - 3 Players Forward
Forward Time % Phy DF OF
1 Thomas Bordeleau 50 0 5 0
2 Tristan Broz 50 0 5 0
Penalty Kill - 3 Players Defense
Defense Defense Time % Phy DF OF
1 Noah Juulsen Filip Roos 50 2 3 0
2 Shakir Mukhamadullin Noah Warren 50 2 3 0
4 vs 4 Forward
Center Wing Time % Phy DF OF
1 Thomas Bordeleau Nils Hoglander 45 0 1 4
2 Tristan Broz Boris Katchouk 55 0 1 4
4 vs 4 Defense
Defense Defense Time % Phy DF OF
1 Noah Juulsen Filip Roos 45 0 2 3
2 Shakir Mukhamadullin Noah Warren 55 0 2 3
Last Minutes Offensive
Center Left Wing Right Wing Defense Defense
Tristan Broz Yegor Chinakhov Nils Hoglander Shakir Mukhamadullin Hendrix Lapierre
Last Minutes Defensive
Center Left Wing Right Wing Defense Defense
Tristan Broz Yegor Sokolov Ivan Miroshnichenko Noah Juulsen Shakir Mukhamadullin
Goaltenders
Starting : Jan Bednar
Backup : Brandon Halverson
Extra Forwards
Normal : Jean-Luc Foudy, Nils Hoglander, Alexander Holtz - PP : Yegor Sokolov, Ivan Miroshnichenko - PK : Ben King
Extra Defensemen
Normal : Marek Alscher, Ronnie Attard, Noah Warren - PP : Marek Alscher - PK : Ronnie Attard, Noah Warren
Penalty Shots
Yegor Chinakhov, Tristan Broz, Boris Katchouk, Yegor Sokolov, Thomas Bordeleau
Scratches
Artyom Grushnikov (Healthy), Trevor Janicke (Healthy), Alex Beaucage (Healthy), Nico Daws (Healthy), Tristan Lennox (Healthy)
% Time on Ice - Tucson Roadrunners
Lines # - Real PCT - Wanted PCT - Time Play
Normal Forward
1 - 31% - 30% - 14:23
2 - 31% - 30% - 14:22
3 - 25% - 25% - 11:41
4 - 12% - 15% - 5:32
Normal Defense
1 - 32% - 30% - 14:30
2 - 32% - 30% - 14:45
3 - 25% - 25% - 11:24
4 - 12% - 15% - 5:19
PP Forward
1 - 56% - 50% - 1:58
2 - 44% - 50% - 1:32
PP Defense
1 - 50% - 50% - 1:46
2 - 50% - 50% - 1:44
PK Forward
1 - 51% - 50% - 5:20
2 - 49% - 50% - 5:12
PK Defense
1 - 52% - 50% - 5:31
2 - 48% - 50% - 5:01
PK3 Forward
1 - 0% - 50%
2 - 0% - 50%
PK3 Defense
1 - 0% - 50%
2 - 0% - 50%
44 Forward
1 - 0% - 50%
2 - 0% - 50%
44 Defense
1 - 0% - 50%
2 - 0% - 50%
Last Minute Offensive - 0:00
Last Minute Defensive - 0:00
Total
Forward - 60:00
Defense - 60:00
|
% Time on Ice - Atlantic City Gamblers
Lines # - Real PCT - Wanted PCT - Time Play
Normal Forward
1 - 31% - 30% - 14:02
2 - 30% - 30% - 14:01
3 - 24% - 25% - 11:05
4 - 15% - 15% - 6:50
Normal Defense
1 - 39% - 38% - 17:50
2 - 38% - 37% - 17:22
3 - 23% - 25% - 10:27
4 - 1% - 0% - 0:19
PP Forward
1 - 50% - 50% - 5:13
2 - 50% - 50% - 5:19
PP Defense
1 - 51% - 50% - 5:25
2 - 49% - 50% - 5:07
PK Forward
1 - 78% - 55% - 2:44
2 - 22% - 45% - 0:46
PK Defense
1 - 65% - 55% - 2:17
2 - 35% - 45% - 1:13
PK3 Forward
1 - 0% - 50%
2 - 0% - 50%
PK3 Defense
1 - 0% - 50%
2 - 0% - 50%
44 Forward
1 - 0% - 45%
2 - 0% - 55%
44 Defense
1 - 0% - 45%
2 - 0% - 55%
Last Minute Offensive - 0:00
Last Minute Defensive - 0:00
Total
Forward - 60:00
Defense - 60:00
|
Play-by-Play
1st period
0:01 of 1st period - Thomas Bordeleau wins face-off versus Steven Lorentz in neutral zone.
0:04 of 1st period - Nick Seeler is hit by Filip Roos and loses puck.
0:13 of 1st period - Slapshot by Steven Lorentz.
0:13 of 1st period - Stopped by Jan Bednar with a rebound.
0:15 of 1st period - Snap shot by Tyson Barrie.
0:15 of 1st period - Shot Blocked by Noah Juulsen.
0:25 of 1st period - Tristan Broz is hit by Hunter Haight and loses puck.
0:52 of 1st period - Shakir Mukhamadullin is hit by Fabian Wagner and loses puck.
0:59 of 1st period - Snap shot by Atley Calvert.
0:59 of 1st period - Stopped by Jan Bednar with a rebound.
1:01 of 1st period - Slapshot by Tyson Barrie.
1:01 of 1st period - Shot Misses the Net.
1:15 of 1st period - Snap shot by Steven Lorentz.
1:15 of 1st period - Stopped by Jan Bednar without a rebound.
1:16 of 1st period - Jean-Luc Foudy wins face-off versus William Carrier in Atlantic City Gamblers zone.
2:24 of 1st period - Icing by Samuel Knazko.
2:25 of 1st period - Caedan Bankier wins face-off versus Ivan Ivan in Tucson Roadrunners zone.
2:28 of 1st period - Snap shot by Alexander Holtz.
2:28 of 1st period - Stopped by Arturs Silovs without a rebound.
2:29 of 1st period - Caedan Bankier wins face-off versus Tanner Dickinson in Tucson Roadrunners zone.
2:30 of 1st period - Backhand shot by Alexander Holtz.
2:30 of 1st period - Shot Misses the Net.
2:40 of 1st period - Snap shot by Steven Lorentz.
2:40 of 1st period - Shot Blocked by Noah Warren.
2:42 of 1st period - Wrist shot by Steven Lorentz.
2:42 of 1st period - Shot Blocked by Caedan Bankier.
2:54 of 1st period - Wrist shot by Yegor Chinakhov.
2:54 of 1st period - Stopped by Arturs Silovs with a rebound.
4:15 of 1st period - Slapshot by Fabian Wagner.
4:15 of 1st period - Shot Misses the Net.
4:49 of 1st period - Snap shot by Nathan Bastian.
4:49 of 1st period - Stopped by Arturs Silovs with a rebound.
4:51 of 1st period - Wrist shot by Nathan Bastian.
4:51 of 1st period - Stopped by Arturs Silovs without a rebound.
4:52 of 1st period - Atley Calvert wins face-off versus Thomas Bordeleau in Tucson Roadrunners zone.
6:02 of 1st period - Slapshot by Nils Hoglander.
6:02 of 1st period - Shot Blocked by Steven Lorentz.
6:04 of 1st period - Slapshot by Marek Alscher.
6:04 of 1st period - Shot Misses the Net.
6:06 of 1st period - Wrist shot by Jean-Luc Foudy.
6:06 of 1st period - Stopped by Arturs Silovs without a rebound.
6:07 of 1st period - Thomas Bordeleau wins face-off versus Atley Calvert in Tucson Roadrunners zone.
6:08 of 1st period - Wrist shot by Yegor Chinakhov.
6:08 of 1st period - Shot Misses the Net.
6:10 of 1st period - Slapshot by Marek Alscher.
6:10 of 1st period - Shot Misses the Net.
6:12 of 1st period - Wrist shot by Thomas Bordeleau.
6:12 of 1st period - Stopped by Arturs Silovs with a rebound.
6:14 of 1st period - Snap shot by Thomas Bordeleau.
6:14 of 1st period - Shot Hit the Post.
6:16 of 1st period - Backhand shot by Yegor Chinakhov.
6:16 of 1st period - Shot Misses the Net.
6:18 of 1st period - Snap shot by Hendrix Lapierre.
6:18 of 1st period - Shot Misses the Net.
6:20 of 1st period - Slapshot by Thomas Bordeleau.
6:20 of 1st period - Stopped by Arturs Silovs without a rebound.
6:21 of 1st period - Tristan Broz wins face-off versus Steven Lorentz in Tucson Roadrunners zone.
6:28 of 1st period - Wrist shot by Boris Katchouk.
6:28 of 1st period - Shot Blocked by Nick Seeler.
7:02 of 1st period - Icing by Thomas Bordeleau.
7:03 of 1st period - Atley Calvert wins face-off versus Caedan Bankier in Atlantic City Gamblers zone.
7:14 of 1st period - Snap shot by Alexander Holtz.
7:14 of 1st period - Shot Misses the Net.
7:34 of 1st period - Off-side.
7:35 of 1st period - Yegor Sokolov wins face-off versus Ivan Ivan in neutral zone.
7:52 of 1st period - Slapshot by Tristan Broz.
7:52 of 1st period - Deflect By Yegor Sokolov.
7:52 of 1st period - Stopped by Arturs Silovs with a rebound.
7:54 of 1st period - Wrist shot by Yegor Sokolov.
7:54 of 1st period - Shot Blocked by Tyson Barrie.
8:08 of 1st period - Wrist shot by Hunter Haight.
8:08 of 1st period - Stopped by Jan Bednar without a rebound.
8:09 of 1st period - Thomas Bordeleau wins face-off versus Steven Lorentz in Atlantic City Gamblers zone.
8:18 of 1st period - Slapshot by Hendrix Lapierre.
8:18 of 1st period - Deflect By Yegor Chinakhov.
8:18 of 1st period - Stopped by Arturs Silovs with a rebound.
8:20 of 1st period - Snap shot by Shakir Mukhamadullin.
8:20 of 1st period - Stopped by Arturs Silovs with a rebound.
8:22 of 1st period - Snap shot by Hendrix Lapierre.
8:22 of 1st period - Goal by Hendrix Lapierre - Tucson Roadrunners : 0 - Atlantic City Gamblers : 1.
8:23 of 1st period - Steven Lorentz wins face-off versus Thomas Bordeleau in neutral zone.
8:26 of 1st period - Wrist shot by William Carrier.
8:26 of 1st period - Stopped by Jan Bednar without a rebound.
8:27 of 1st period - Thomas Bordeleau wins face-off versus Steven Lorentz in Atlantic City Gamblers zone.
8:58 of 1st period - Marek Alscher is hit by Fabian Wagner and loses puck.
9:13 of 1st period - Wrist shot by Boris Katchouk.
9:13 of 1st period - Stopped by Arturs Silovs with a rebound.
9:15 of 1st period - Slapshot by Marek Alscher.
9:15 of 1st period - Shot Misses the Net.
9:17 of 1st period - Wrist shot by Marek Alscher.
9:17 of 1st period - Shot Misses the Net.
9:19 of 1st period - Snap shot by Tristan Broz.
9:19 of 1st period - Stopped by Arturs Silovs with a rebound.
9:21 of 1st period - Backhand shot by Ronnie Attard.
9:21 of 1st period - Shot Blocked by Maxwell Crozier.
9:31 of 1st period - Nathan Bastian is hit by Steven Lorentz and loses puck.
9:36 of 1st period - Wrist shot by Steven Lorentz.
9:36 of 1st period - Shot Misses the Net.
9:38 of 1st period - Snap shot by Hunter Drew.
9:38 of 1st period - Stopped by Jan Bednar without a rebound.
9:39 of 1st period - Atley Calvert wins face-off versus Caedan Bankier in Atlantic City Gamblers zone.
9:40 of 1st period - Wrist shot by Fabian Wagner.
9:40 of 1st period - Shot Blocked by Noah Juulsen.
9:43 of 1st period - Icing by Noah Juulsen.
9:44 of 1st period - Caedan Bankier wins face-off versus Atley Calvert in Atlantic City Gamblers zone.
10:06 of 1st period - Double Minor Penalty to Hunter Drew for High sticking.
10:07 of 1st period - Steven Lorentz wins face-off versus Thomas Bordeleau in Tucson Roadrunners zone.
10:23 of 1st period - Wrist shot by Yegor Chinakhov.
10:23 of 1st period - Deflect By Thomas Bordeleau.
10:23 of 1st period - Shot Blocked by Steven Lorentz.
10:23 of 1st period - Puck is out of play.
10:24 of 1st period - Tristan Broz wins face-off versus Ivan Ivan in Tucson Roadrunners zone.
10:25 of 1st period - Snap shot by Boris Katchouk.
10:25 of 1st period - Deflect By Tristan Broz.
10:25 of 1st period - Shot Misses the Net.
10:25 of 1st period - Puck is out of play.
10:26 of 1st period - Tristan Broz wins face-off versus Ivan Ivan in Tucson Roadrunners zone.
10:33 of 1st period - Snap shot by Tristan Broz.
10:33 of 1st period - Shot Misses the Net.
10:39 of 1st period - Snap shot by Boris Katchouk.
10:39 of 1st period - Shot Blocked by Walker Duehr.
10:41 of 1st period - Slapshot by Shakir Mukhamadullin.
10:41 of 1st period - Shot Misses the Net.
14:06 of 1st period - Penalty to Hunter Drew is over, Hunter Drew is back on ice.
14:14 of 1st period - Icing by Steven Lorentz.
14:15 of 1st period - Jean-Luc Foudy wins face-off versus Steven Lorentz in Tucson Roadrunners zone.
14:46 of 1st period - Wrist shot by Ivan Ivan.
14:46 of 1st period - Shot Blocked by Ronnie Attard.
15:02 of 1st period - Shakir Mukhamadullin is hit by Fabian Wagner and loses puck.
15:50 of 1st period - Tristan Broz is hit by Hunter Drew and loses puck.
16:07 of 1st period - Shakir Mukhamadullin is hit by Topias Vilen and loses puck.
16:28 of 1st period - Ivan Miroshnichenko is hit by Steven Lorentz and loses puck.
16:39 of 1st period - Marek Alscher is hit by Steven Lorentz and loses puck.
17:01 of 1st period - Tristan Broz is hit by Hunter Haight and loses puck.
17:22 of 1st period - Yegor Chinakhov is hit by William Carrier and loses puck.
17:35 of 1st period - Thomas Bordeleau is hit by Trevor Kuntar and loses puck.
17:46 of 1st period - Slapshot by Nils Hoglander.
17:46 of 1st period - Stopped by Arturs Silovs without a rebound.
17:47 of 1st period - Ivan Ivan wins face-off versus Jean-Luc Foudy in Tucson Roadrunners zone.
17:47 of 1st period - Ivan Ivan is hit by Nathan Bastian.
17:55 of 1st period - Snap shot by Hunter Haight.
17:55 of 1st period - Stopped by Jan Bednar with a rebound.
18:15 of 1st period - Tristan Broz is hit by Maxwell Crozier and loses puck.
18:55 of 1st period - Snap shot by Hunter Haight.
18:55 of 1st period - Shot Blocked by Noah Juulsen.
18:57 of 1st period - Snap shot by Hunter Haight.
18:57 of 1st period - Shot Misses the Net.
19:27 of 1st period - Slapshot by Ondrej Pavel.
19:27 of 1st period - Stopped by Jan Bednar without a rebound.
19:28 of 1st period - Atley Calvert wins face-off versus Tristan Broz in Atlantic City Gamblers zone.
19:44 of 1st period - Slapshot by Yegor Sokolov.
19:44 of 1st period - Stopped by Arturs Silovs without a rebound.
19:45 of 1st period - Caedan Bankier wins face-off versus Ivan Ivan in Tucson Roadrunners zone.
Goals for this period are 0 for Tucson Roadrunners vs 1 for Atlantic City Gamblers.
Shots for this period are 8 for Tucson Roadrunners vs 15 for Atlantic City Gamblers.
2nd period
0:01 of 2nd period - Tristan Broz wins face-off versus Steven Lorentz in neutral zone.
0:16 of 2nd period - Snap shot by Boris Katchouk.
0:16 of 2nd period - Stopped by Arturs Silovs with a rebound.
0:47 of 2nd period - Snap shot by William Carrier.
0:47 of 2nd period - Stopped by Jan Bednar with a rebound.
0:59 of 2nd period - Wrist shot by Hendrix Lapierre.
0:59 of 2nd period - Shot Blocked by Hunter Drew.
1:09 of 2nd period - Slapshot by William Carrier.
1:09 of 2nd period - Shot Misses the Net.
1:11 of 2nd period - Snap shot by Hunter Haight.
1:11 of 2nd period - Shot Blocked by Filip Roos.
1:13 of 2nd period - Slapshot by Ivan Ivan.
1:13 of 2nd period - Goal by Ivan Ivan - Tucson Roadrunners : 1 - Atlantic City Gamblers : 1.
1:14 of 2nd period - Tristan Broz wins face-off versus Ivan Ivan in neutral zone.
1:48 of 2nd period - Backhand shot by Ondrej Pavel.
1:48 of 2nd period - Stopped by Jan Bednar with a rebound.
1:59 of 2nd period - Off-side.
2:00 of 2nd period - Tanner Dickinson wins face-off versus Caedan Bankier in neutral zone.
2:05 of 2nd period - Wrist shot by Steven Lorentz.
2:05 of 2nd period - Stopped by Jan Bednar without a rebound.
2:06 of 2nd period - Tristan Broz wins face-off versus Hunter Haight in Atlantic City Gamblers zone.
2:06 of 2nd period - Tristan Broz is hit by Chase Wheatcroft.
2:15 of 2nd period - Double Minor Penalty to Hunter Haight for High sticking.
2:16 of 2nd period - Tristan Broz wins face-off versus Ivan Ivan in Tucson Roadrunners zone.
2:53 of 2nd period - Nick Seeler is hit by Shakir Mukhamadullin and loses puck.
4:28 of 2nd period - Nick Seeler is hit by Noah Juulsen and loses puck.
4:37 of 2nd period - Backhand shot by Nathan Bastian.
4:37 of 2nd period - Shot Misses the Net.
6:15 of 2nd period - Penalty to Hunter Haight is over, Hunter Haight is back on ice.
6:34 of 2nd period - Ronnie Attard is hit by Hunter Drew and loses puck.
7:17 of 2nd period - Boris Katchouk is hit by Nick Seeler and loses puck.
7:28 of 2nd period - Shakir Mukhamadullin is hit by Tanner Dickinson and loses puck.
7:33 of 2nd period - Snap shot by Tanner Dickinson.
7:33 of 2nd period - Shot Blocked by Boris Katchouk.
7:39 of 2nd period - Backhand shot by Yegor Sokolov.
7:39 of 2nd period - Stopped by Arturs Silovs without a rebound.
7:40 of 2nd period - Nils Hoglander wins face-off versus Steven Lorentz in Tucson Roadrunners zone.
9:00 of 2nd period - Snap shot by Walker Duehr.
9:00 of 2nd period - Stopped by Jan Bednar without a rebound.
9:01 of 2nd period - Zach Dean wins face-off versus Thomas Bordeleau in Atlantic City Gamblers zone.
9:10 of 2nd period - Yegor Chinakhov is hit by Topias Vilen and loses puck.
10:16 of 2nd period - Slapshot by Tyson Barrie.
10:16 of 2nd period - Shot Blocked by Nils Hoglander.
10:18 of 2nd period - Wrist shot by Fabian Wagner.
10:18 of 2nd period - Stopped by Jan Bednar without a rebound.
10:19 of 2nd period - Steven Lorentz wins face-off versus Thomas Bordeleau in Atlantic City Gamblers zone.
10:20 of 2nd period - Snap shot by William Carrier.
10:20 of 2nd period - Stopped by Jan Bednar with a rebound.
10:22 of 2nd period - Snap shot by William Carrier.
10:22 of 2nd period - Shot Blocked by Yegor Chinakhov.
10:24 of 2nd period - Wrist shot by William Carrier.
10:24 of 2nd period - Shot Blocked by Noah Juulsen.
10:26 of 2nd period - Snap shot by Walker Duehr.
10:26 of 2nd period - Shot Misses the Net.
10:28 of 2nd period - Snap shot by Walker Duehr.
10:28 of 2nd period - Stopped by Jan Bednar with a rebound.
10:30 of 2nd period - Snap shot by Tyson Barrie.
10:30 of 2nd period - Stopped by Jan Bednar without a rebound.
10:31 of 2nd period - Tristan Broz wins face-off versus Steven Lorentz in Atlantic City Gamblers zone.
10:42 of 2nd period - Snap shot by Boris Katchouk.
10:42 of 2nd period - Stopped by Arturs Silovs without a rebound.
10:43 of 2nd period - Thomas Bordeleau wins face-off versus Steven Lorentz in Tucson Roadrunners zone.
10:44 of 2nd period - Wrist shot by Yegor Chinakhov.
10:44 of 2nd period - Shot Blocked by Steven Lorentz.
11:08 of 2nd period - Hunter Haight is hit by Ivan Miroshnichenko.
11:18 of 2nd period - Slapshot by Chase Wheatcroft.
11:18 of 2nd period - Shot Misses the Net.
11:20 of 2nd period - Snap shot by Chase Wheatcroft.
11:20 of 2nd period - Stopped by Jan Bednar with a rebound.
11:36 of 2nd period - Icing by Yegor Sokolov.
11:37 of 2nd period - Steven Lorentz wins face-off versus Tristan Broz in Atlantic City Gamblers zone.
11:52 of 2nd period - Wrist shot by Tristan Broz.
11:52 of 2nd period - Deflect By Boris Katchouk.
11:52 of 2nd period - Stopped by Arturs Silovs with a rebound.
11:54 of 2nd period - Snap shot by Noah Juulsen.
11:54 of 2nd period - Shot Blocked by William Carrier.
11:56 of 2nd period - Snap shot by Boris Katchouk.
11:56 of 2nd period - Shot Misses the Net.
11:58 of 2nd period - Slapshot by Noah Juulsen.
11:58 of 2nd period - Deflect By Nick Seeler.
11:58 of 2nd period - Stopped by Arturs Silovs without a rebound.
11:59 of 2nd period - Thomas Bordeleau wins face-off versus Ivan Ivan in Tucson Roadrunners zone.
12:11 of 2nd period - Hunter Drew beats up Noah Warren.
12:11 of 2nd period - Penalty to Noah Warren for Fighting.
12:11 of 2nd period - Penalty to Hunter Drew for Fighting.
12:12 of 2nd period - Thomas Bordeleau wins face-off versus Walker Duehr in Tucson Roadrunners zone.
12:37 of 2nd period - Shakir Mukhamadullin is hit by Ivan Ivan and loses puck.
13:04 of 2nd period - Fabian Wagner is hit by Noah Juulsen.
13:21 of 2nd period - Minor Penalty to Trevor Kuntar for Hooking.
13:22 of 2nd period - Steven Lorentz wins face-off versus Yegor Sokolov in Tucson Roadrunners zone.
13:26 of 2nd period - William Carrier is hit by Yegor Sokolov and loses puck.
13:38 of 2nd period - Slapshot by Ivan Miroshnichenko.
13:38 of 2nd period - Deflect By Boris Katchouk.
13:38 of 2nd period - Stopped by Arturs Silovs with a rebound.
13:56 of 2nd period - Slapshot by Noah Juulsen.
13:56 of 2nd period - Deflect By Yegor Chinakhov.
13:56 of 2nd period - Goal by Yegor Chinakhov - Tucson Roadrunners : 1 - Atlantic City Gamblers : 2.
13:57 of 2nd period - Thomas Bordeleau wins face-off versus Steven Lorentz in neutral zone.
14:10 of 2nd period - Snap shot by Hendrix Lapierre.
14:10 of 2nd period - Stopped by Arturs Silovs with a rebound.
14:12 of 2nd period - Snap shot by Hendrix Lapierre.
14:12 of 2nd period - Stopped by Arturs Silovs with a rebound.
14:24 of 2nd period - Marek Alscher is hit by Tyson Barrie and loses puck.
14:31 of 2nd period - Wrist shot by Chase Wheatcroft.
14:31 of 2nd period - Shot Misses the Net.
14:33 of 2nd period - Snap shot by Hunter Haight.
14:33 of 2nd period - Stopped by Jan Bednar without a rebound.
14:34 of 2nd period - Atley Calvert wins face-off versus Thomas Bordeleau in Atlantic City Gamblers zone.
15:07 of 2nd period - Slapshot by Yegor Sokolov.
15:07 of 2nd period - Stopped by Arturs Silovs with a rebound.
15:09 of 2nd period - Wrist shot by Filip Roos.
15:09 of 2nd period - Shot Misses the Net.
15:11 of 2nd period - Snap shot by Filip Roos.
15:11 of 2nd period - Shot Misses the Net.
15:23 of 2nd period - Slapshot by Ivan Ivan.
15:23 of 2nd period - Shot Misses the Net.
15:25 of 2nd period - Slapshot by Maxwell Crozier.
15:25 of 2nd period - Deflect By Ivan Ivan.
15:25 of 2nd period - Goal by Ivan Ivan - Tucson Roadrunners : 2 - Atlantic City Gamblers : 2.
15:26 of 2nd period - Thomas Bordeleau wins face-off versus Steven Lorentz in neutral zone.
15:28 of 2nd period - Minor Penalty to Marek Alscher for Cross-checking.
15:29 of 2nd period - Thomas Bordeleau wins face-off versus Steven Lorentz in Atlantic City Gamblers zone.
17:11 of 2nd period - Penalty to Noah Warren is over, Noah Warren is back on ice.
17:28 of 2nd period - Penalty to Marek Alscher is over, Marek Alscher is back on ice.
17:55 of 2nd period - Off-side.
17:56 of 2nd period - Tanner Dickinson wins face-off versus Thomas Bordeleau in neutral zone.
18:17 of 2nd period - Snap shot by Atley Calvert.
18:17 of 2nd period - Shot Blocked by Tristan Broz.
18:19 of 2nd period - Slapshot by Samuel Knazko.
18:19 of 2nd period - Shot Misses the Net.
18:21 of 2nd period - Wrist shot by Ondrej Pavel.
18:21 of 2nd period - Shot Blocked by Yegor Sokolov.
18:23 of 2nd period - Slapshot by Hunter Drew.
18:23 of 2nd period - Stopped by Jan Bednar with a rebound.
19:24 of 2nd period - Minor Penalty to Thomas Bordeleau for Interference.
19:25 of 2nd period - Hunter Haight wins face-off versus Ben King in Atlantic City Gamblers zone.
19:28 of 2nd period - Wrist shot by Ivan Ivan.
19:28 of 2nd period - Stopped by Jan Bednar with a rebound.
19:56 of 2nd period - Slapshot by Steven Lorentz.
19:56 of 2nd period - Deflect By Walker Duehr.
19:56 of 2nd period - Shot Misses the Net.
19:56 of 2nd period - Puck is out of play.
19:57 of 2nd period - Hendrix Lapierre wins face-off versus Ivan Ivan in Atlantic City Gamblers zone.
Goals for this period are 2 for Tucson Roadrunners vs 1 for Atlantic City Gamblers.
Shots for this period are 14 for Tucson Roadrunners vs 10 for Atlantic City Gamblers.
3rd period
0:01 of 3rd period - Steven Lorentz wins face-off versus Ben King in neutral zone.
0:08 of 3rd period - Wrist shot by Steven Lorentz.
0:08 of 3rd period - Deflect By Walker Duehr.
0:08 of 3rd period - Shot Misses the Net.
0:08 of 3rd period - Puck is out of play.
0:09 of 3rd period - Steven Lorentz wins face-off versus Ben King in Atlantic City Gamblers zone.
0:16 of 3rd period - Snap shot by William Carrier.
0:16 of 3rd period - Shot Blocked by Noah Juulsen.
0:18 of 3rd period - Snap shot by Steven Lorentz.
0:18 of 3rd period - Shot Misses the Net.
0:20 of 3rd period - Backhand shot by Nick Seeler.
0:20 of 3rd period - Shot Misses the Net.
0:22 of 3rd period - Slapshot by Tyson Barrie.
0:22 of 3rd period - Deflect By Noah Juulsen.
0:22 of 3rd period - Stopped by Jan Bednar with a rebound.
0:24 of 3rd period - Snap shot by Steven Lorentz.
0:24 of 3rd period - Shot Misses the Net.
0:26 of 3rd period - Snap shot by William Carrier.
0:26 of 3rd period - Shot Hit the Post.
0:34 of 3rd period - Snap shot by William Carrier.
0:34 of 3rd period - Stopped by Jan Bednar with a rebound.
0:40 of 3rd period - Wrist shot by Steven Lorentz.
0:40 of 3rd period - Stopped by Jan Bednar with a rebound.
0:42 of 3rd period - Backhand shot by William Carrier.
0:42 of 3rd period - Goal by William Carrier - Tucson Roadrunners : 3 - Atlantic City Gamblers : 2.
0:43 of 3rd period - Tristan Broz wins face-off versus Ivan Ivan in neutral zone.
0:59 of 3rd period - Snap shot by Ivan Ivan.
0:59 of 3rd period - Deflect By Hunter Haight.
0:59 of 3rd period - Shot Blocked by Noah Warren.
0:59 of 3rd period - Puck is out of play.
1:00 of 3rd period - Steven Lorentz wins face-off versus Thomas Bordeleau in Atlantic City Gamblers zone.
1:25 of 3rd period - Hendrix Lapierre is hit by Fabian Wagner and loses puck.
1:33 of 3rd period - Nick Seeler is hit by Filip Roos and loses puck.
1:42 of 3rd period - Wrist shot by Yegor Chinakhov.
1:42 of 3rd period - Shot Misses the Net.
1:44 of 3rd period - Slapshot by Filip Roos.
1:44 of 3rd period - Stopped by Arturs Silovs with a rebound.
2:04 of 3rd period - Snap shot by Yegor Chinakhov.
2:04 of 3rd period - Stopped by Arturs Silovs with a rebound.
2:06 of 3rd period - Snap shot by Thomas Bordeleau.
2:06 of 3rd period - Shot Misses the Net.
2:08 of 3rd period - Slapshot by Marek Alscher.
2:08 of 3rd period - Shot Hit the Post.
2:10 of 3rd period - Wrist shot by Yegor Chinakhov.
2:10 of 3rd period - Goal by Yegor Chinakhov - Tucson Roadrunners : 3 - Atlantic City Gamblers : 3.
2:11 of 3rd period - Tristan Broz wins face-off versus Steven Lorentz in neutral zone.
2:36 of 3rd period - Ivan Miroshnichenko is hit by Ivan Ivan.
2:44 of 3rd period - Slapshot by Ivan Miroshnichenko.
2:44 of 3rd period - Stopped by Arturs Silovs with a rebound.
2:46 of 3rd period - Snap shot by Caedan Bankier.
2:46 of 3rd period - Shot Misses the Net.
3:14 of 3rd period - Wrist shot by Tanner Dickinson.
3:14 of 3rd period - Stopped by Jan Bednar with a rebound.
3:16 of 3rd period - Wrist shot by Tanner Dickinson.
3:16 of 3rd period - Stopped by Jan Bednar without a rebound.
3:17 of 3rd period - Boris Katchouk wins face-off versus Ivan Ivan in Atlantic City Gamblers zone.
3:26 of 3rd period - Ivan Ivan is hit by Boris Katchouk and loses puck.
3:32 of 3rd period - Off-side.
3:33 of 3rd period - Caedan Bankier wins face-off versus Steven Lorentz in neutral zone.
3:42 of 3rd period - Wrist shot by Ivan Miroshnichenko.
3:42 of 3rd period - Shot Misses the Net.
3:55 of 3rd period - Icing by Noah Warren.
3:56 of 3rd period - Ivan Ivan wins face-off versus Caedan Bankier in Atlantic City Gamblers zone.
3:59 of 3rd period - Wrist shot by Hunter Haight.
3:59 of 3rd period - Shot Misses the Net.
4:10 of 3rd period - Maxwell Crozier is hit by Ivan Miroshnichenko and loses puck.
4:15 of 3rd period - Snap shot by Alexander Holtz.
4:15 of 3rd period - Shot Misses the Net.
4:23 of 3rd period - Ivan Miroshnichenko is hit by Maxwell Crozier.
5:00 of 3rd period - Wrist shot by Ivan Miroshnichenko.
5:00 of 3rd period - Goal by Ivan Miroshnichenko - Tucson Roadrunners : 3 - Atlantic City Gamblers : 4.
5:01 of 3rd period - Steven Lorentz wins face-off versus Yegor Sokolov in neutral zone.
5:26 of 3rd period - Maxwell Crozier is hit by Nils Hoglander and loses puck.
5:46 of 3rd period - Icing by Walker Duehr.
5:47 of 3rd period - Thomas Bordeleau wins face-off versus Ivan Ivan in Tucson Roadrunners zone.
6:12 of 3rd period - Slapshot by Tristan Broz.
6:12 of 3rd period - Deflect By Yegor Sokolov.
6:12 of 3rd period - Stopped by Arturs Silovs with a rebound.
6:21 of 3rd period - Slapshot by Ondrej Pavel.
6:21 of 3rd period - Stopped by Jan Bednar without a rebound.
6:22 of 3rd period - Thomas Bordeleau wins face-off versus Ivan Ivan in Atlantic City Gamblers zone.
6:38 of 3rd period - Snap shot by Hendrix Lapierre.
6:38 of 3rd period - Shot Misses the Net.
7:17 of 3rd period - Wrist shot by Nathan Bastian.
7:17 of 3rd period - Deflect By Jean-Luc Foudy.
7:17 of 3rd period - Stopped by Arturs Silovs with a rebound.
7:19 of 3rd period - Snap shot by Filip Roos.
7:19 of 3rd period - Deflect By Chase Wheatcroft.
7:19 of 3rd period - Stopped by Arturs Silovs without a rebound.
7:20 of 3rd period - Tristan Broz wins face-off versus Steven Lorentz in Tucson Roadrunners zone.
7:27 of 3rd period - Backhand shot by Steven Lorentz.
7:27 of 3rd period - Shot Misses the Net.
7:29 of 3rd period - Wrist shot by Walker Duehr.
7:29 of 3rd period - Goal by Walker Duehr - Tucson Roadrunners : 4 - Atlantic City Gamblers : 4.
7:30 of 3rd period - Tanner Dickinson wins face-off versus Tristan Broz in neutral zone.
7:33 of 3rd period - Boris Katchouk is hit by Trevor Kuntar.
7:41 of 3rd period - Tristan Broz beats up Trevor Kuntar.
7:41 of 3rd period - Penalty to Tristan Broz for Fighting.
7:41 of 3rd period - Penalty to Trevor Kuntar for Fighting.
7:42 of 3rd period - Steven Lorentz wins face-off versus Yegor Sokolov in neutral zone.
7:47 of 3rd period - Slapshot by William Carrier.
7:47 of 3rd period - Shot Misses the Net.
7:49 of 3rd period - Snap shot by Steven Lorentz.
7:49 of 3rd period - Stopped by Jan Bednar with a rebound.
7:51 of 3rd period - Slapshot by Hunter Drew.
7:51 of 3rd period - Deflect By William Carrier.
7:51 of 3rd period - Shot Blocked by Noah Juulsen.
7:51 of 3rd period - Puck is out of play.
7:52 of 3rd period - Steven Lorentz wins face-off versus Jean-Luc Foudy in Atlantic City Gamblers zone.
8:07 of 3rd period - Slapshot by Steven Lorentz.
8:07 of 3rd period - Deflect By Yegor Sokolov.
8:07 of 3rd period - Stopped by Jan Bednar with a rebound.
8:09 of 3rd period - Snap shot by Walker Duehr.
8:09 of 3rd period - Shot Blocked by Yegor Sokolov.
8:27 of 3rd period - Snap shot by Steven Lorentz.
8:27 of 3rd period - Stopped by Jan Bednar without a rebound.
8:28 of 3rd period - Fabian Wagner wins face-off versus Thomas Bordeleau in Atlantic City Gamblers zone.
8:31 of 3rd period - Snap shot by Ondrej Pavel.
8:31 of 3rd period - Goal by Ondrej Pavel - Tucson Roadrunners : 5 - Atlantic City Gamblers : 4.
8:32 of 3rd period - Tanner Dickinson wins face-off versus Thomas Bordeleau in neutral zone.
9:03 of 3rd period - Minor Penalty to Atley Calvert for Hooking.
9:04 of 3rd period - Ivan Miroshnichenko wins face-off versus Ivan Ivan in Tucson Roadrunners zone.
9:29 of 3rd period - Tyson Barrie is hit by Hendrix Lapierre and loses puck.
9:47 of 3rd period - Snap shot by Walker Duehr.
9:47 of 3rd period - Deflect By Ivan Ivan.
9:47 of 3rd period - Stopped by Jan Bednar without a rebound.
9:48 of 3rd period - Ivan Ivan wins face-off versus Thomas Bordeleau in Atlantic City Gamblers zone.
9:59 of 3rd period - Maxwell Crozier is hit by Thomas Bordeleau and loses puck.
10:24 of 3rd period - Off-side.
10:25 of 3rd period - Thomas Bordeleau wins face-off versus Steven Lorentz in neutral zone.
10:27 of 3rd period - Off-side.
10:28 of 3rd period - Steven Lorentz wins face-off versus Thomas Bordeleau in neutral zone.
10:52 of 3rd period - Nick Seeler is hit by Yegor Chinakhov and loses puck.
11:03 of 3rd period - Penalty to Atley Calvert is over, Atley Calvert is back on ice.
11:16 of 3rd period - Slapshot by Nathan Bastian.
11:16 of 3rd period - Shot Blocked by Atley Calvert.
11:44 of 3rd period - Nick Seeler is hit by Boris Katchouk.
12:16 of 3rd period - Nils Hoglander is hit by Maxwell Crozier and loses puck.
12:43 of 3rd period - Slapshot by Maxwell Crozier.
12:43 of 3rd period - Shot Blocked by Filip Roos.
12:45 of 3rd period - Snap shot by Chase Wheatcroft.
12:45 of 3rd period - Shot Misses the Net.
13:36 of 3rd period - Caedan Bankier is hit by Fabian Wagner and loses puck.
14:01 of 3rd period - Shakir Mukhamadullin is hit by Nick Seeler and loses puck.
14:14 of 3rd period - Slapshot by Shakir Mukhamadullin.
14:14 of 3rd period - Stopped by Arturs Silovs with a rebound.
14:16 of 3rd period - Snap shot by Jean-Luc Foudy.
14:16 of 3rd period - Shot Misses the Net.
14:18 of 3rd period - Snap shot by Nils Hoglander.
14:18 of 3rd period - Stopped by Arturs Silovs without a rebound.
14:19 of 3rd period - Tristan Broz wins face-off versus Ivan Ivan in Tucson Roadrunners zone.
14:22 of 3rd period - Backhand shot by Boris Katchouk.
14:22 of 3rd period - Stopped by Arturs Silovs with a rebound.
14:28 of 3rd period - Noah Juulsen is hit by Ivan Ivan and loses puck.
14:44 of 3rd period - Minor Penalty to Boris Katchouk for Roughing.
14:45 of 3rd period - Ivan Ivan wins face-off versus Thomas Bordeleau in Atlantic City Gamblers zone.
14:49 of 3rd period - Snap shot by Hunter Haight.
14:49 of 3rd period - Stopped by Jan Bednar without a rebound.
14:50 of 3rd period - Ivan Ivan wins face-off versus Thomas Bordeleau in Atlantic City Gamblers zone.
14:51 of 3rd period - Snap shot by Chase Wheatcroft.
14:51 of 3rd period - Shot Misses the Net.
14:53 of 3rd period - Slapshot by Topias Vilen.
14:53 of 3rd period - Stopped by Jan Bednar with a rebound.
14:55 of 3rd period - Snap shot by Ivan Ivan.
14:55 of 3rd period - Shot Blocked by Thomas Bordeleau.
14:57 of 3rd period - Slapshot by Maxwell Crozier.
14:57 of 3rd period - Goal by Maxwell Crozier - Tucson Roadrunners : 6 - Atlantic City Gamblers : 4.
14:58 of 3rd period - Steven Lorentz wins face-off versus Thomas Bordeleau in neutral zone.
15:29 of 3rd period - Tyson Barrie is hit by Ivan Miroshnichenko and loses puck.
16:41 of 3rd period - Maxwell Crozier is hit by Thomas Bordeleau and loses puck.
17:17 of 3rd period - Snap shot by Hunter Haight.
17:17 of 3rd period - Stopped by Jan Bednar with a rebound.
17:19 of 3rd period - Wrist shot by Chase Wheatcroft.
17:19 of 3rd period - Goal by Chase Wheatcroft - Tucson Roadrunners : 7 - Atlantic City Gamblers : 4.
17:20 of 3rd period - Steven Lorentz wins face-off versus Thomas Bordeleau in neutral zone.
17:50 of 3rd period - Snap shot by Yegor Chinakhov.
17:50 of 3rd period - Deflect By Hendrix Lapierre.
17:50 of 3rd period - Shot Blocked by Walker Duehr.
17:50 of 3rd period - Puck is out of play.
17:51 of 3rd period - Ivan Ivan wins face-off versus Tristan Broz in Tucson Roadrunners zone.
17:51 of 3rd period - Ivan Ivan is hit by Tristan Broz.
17:59 of 3rd period - Snap shot by Yegor Sokolov.
17:59 of 3rd period - Shot Misses the Net.
18:01 of 3rd period - Slapshot by Tristan Broz.
18:01 of 3rd period - Stopped by Arturs Silovs without a rebound.
18:02 of 3rd period - Tristan Broz wins face-off versus Ivan Ivan in Tucson Roadrunners zone.
18:27 of 3rd period - Yegor Chinakhov is hit by Nick Seeler and loses puck.
18:34 of 3rd period - Snap shot by William Carrier.
18:34 of 3rd period - Shot Blocked by Yegor Chinakhov.
18:51 of 3rd period - Wrist shot by Fabian Wagner.
18:51 of 3rd period - Shot Blocked by Thomas Bordeleau.
18:53 of 3rd period - Slapshot by Maxwell Crozier.
18:53 of 3rd period - Shot Misses the Net.
18:55 of 3rd period - Snap shot by Topias Vilen.
18:55 of 3rd period - Shot Blocked by Noah Warren.
18:57 of 3rd period - Wrist shot by Fabian Wagner.
18:57 of 3rd period - Goal by Fabian Wagner - Tucson Roadrunners : 8 - Atlantic City Gamblers : 4.
18:58 of 3rd period - Tristan Broz wins face-off versus Steven Lorentz in neutral zone.
19:23 of 3rd period - Nick Seeler is hit by Hendrix Lapierre and loses puck.
19:46 of 3rd period - Nathan Bastian is hit by Atley Calvert and loses puck.
19:48 of 3rd period - Ronnie Attard beats up Hunter Drew.
19:48 of 3rd period - Penalty to Ronnie Attard for Fighting.
19:48 of 3rd period - Penalty to Hunter Drew for Fighting.
19:49 of 3rd period - Steven Lorentz wins face-off versus Thomas Bordeleau in Atlantic City Gamblers zone.
19:50 of 3rd period - Slapshot by William Carrier.
19:50 of 3rd period - Shot Blocked by Yegor Chinakhov.
Goals for this period are 6 for Tucson Roadrunners vs 2 for Atlantic City Gamblers.
Shots for this period are 19 for Tucson Roadrunners vs 12 for Atlantic City Gamblers.
Back to the Top